 Dungeon Crawl Stone Soup version 0.31.0-2-g5a2aebc5c2 (webtiles) character file.

Game seed: 3775336864310499056

385 ssalbiz the Cleaver (level 6, -2/51 HPs)
             Began as a Minotaur Berserker on Jan 20, 2024.
             Was a Priest of Trog.
             Incinerated by a bombardier beetle (6 damage)
             ... with a burning spray
             ... on level 4 of the Dungeon.
             The game lasted 00:03:14 (3488 turns).

ssalbiz the Cleaver (Minotaur Berserker)            Turns: 3488, Time: 00:03:15

Health: -2/51      AC:  7    Str: 30    XL:     6   Next: 48%
Magic:  5/5        EV: 10    Int:  4    God:    Trog [***...]
Gold:   287        SH:  0    Dex:  9    Spells: 5/5 levels left

rFire   . . .        a - +0 hand axe
rCold   . . .        (no shield)
rNeg    . . .        d - +0 scale mail
rPois   .            (helmet restricted)
rElec   .            w - +0 cloak
rCorr   .            (no gloves)
SInv    .            (no boots)
Will    ++...        (no amulet) Stlth
                     p - +6 ring of strength
HPRegen 1.28/turn    (no ring)
MPRegen 0.09/turn

%: no passive effects
@: on fire, strong-willed, regenerating, glowing
A: horns 2, retaliatory headbutt
a: Renounce Religion, Berserk, Trog's Hand


You were on level 4 of the Dungeon.
You worshipped Trog.
Trog was most pleased with you.
You visited 1 branch of the dungeon, and saw 4 of its levels.
You also visited: Sewer.

You collected 287 gold pieces.

Inventory:

Hand Weapons
 a - a +0 hand axe (weapon)
Missiles
 e - 3 poisoned darts (quivered)
Armour
 d - a +0 scale mail (worn)
 w - a +0 cloak (worn)
Jewellery
 p - a +6 ring of strength (left hand)
Scrolls
 c - a scroll of immolation {unknown}
 j - 3 scrolls of teleportation {unknown}
 k - 3 scrolls of fog {unknown}
 o - 2 scrolls of enchant weapon {unknown}
 q - 2 scrolls of revelation {unknown}
 s - a scroll of summoning {unknown}
 t - 3 scrolls of poison {unknown}
 u - 5 scrolls of identify {unknown}
 v - a scroll of vulnerability {unknown}
 x - a scroll of amnesia {unknown}
 y - 2 scrolls of acquirement {unknown}
 A - a scroll of enchant armour {unknown}
 B - a scroll of silence {unknown}
 C - a scroll of noise {unknown}
Potions
 b - a potion of attraction {unknown}
 f - a potion of berserk rage {unknown}
 g - 2 potions of heal wounds {unknown}
 h - 2 potions of curing {unknown}
 i - 3 potions of might {unknown}
 l - a potion of haste {unknown}
 m - a potion of resistance {unknown}
 n - 5 potions of degeneration
 r - 3 potions of enlightenment
 z - a potion of invisibility {unknown}
 D - a potion of lignification {unknown}


   Skills:
 - Level 3.6 Fighting
 + Level 8.9 Axes
 - Level 2.4 Armour
 - Level 2.1 Dodging


You had 5 spell levels left.
You didn't know any spells.
Your spell library was empty.

Dungeon Overview and Level Annotations

Branches:
Dungeon (4/15)              Sewer (visited)
 Temple: D:4-7

Altars:
Hepliaklqana
Okawaru
Yredelemnul
Zin

Shops:
D:3 *

Annotations:
D:4 1 runed translucent door


Innate Abilities, Weirdness & Mutations

You have a pair of horns on your head.
You reflexively headbutt those who attack you in melee.


Message History

The liquid fire burns you!
The bombardier beetle sprays incendiary fluid at you.
The burning spray hits you.
You are even more covered in liquid fire!
You completely miss the bombardier beetle.
You headbutt the bombardier beetle!
You kill the bombardier beetle!
Trog accepts your kill. The liquid fire burns you!
You are on fire!
No target in view!
You are on fire!
No target in view!
You are on fire!
No target in view!
You are on fire!
You are on fire!
You are on fire!
You are on fire!
You are on fire!
You are on fire!
The liquid fire burns you! The liquid fire burns you!
The liquid fire burns you! The liquid fire burns you!
The liquid fire burns you! The liquid fire burns you!
* * * LOW HITPOINT WARNING * * *
The liquid fire burns you!
* * * LOW HITPOINT WARNING * * *
Your skin crawls.
You feel strong-willed. The liquid fire burns you!
* * * LOW HITPOINT WARNING * * *
The liquid fire burns you!
* * * LOW HITPOINT WARNING * * *
The liquid fire burns you!
* * * LOW HITPOINT WARNING * * *
The liquid fire burns you!
You die...

######## ####
#......######## #...
#.....['......# #...
#...@..#......# #...
#......#......# #...
#......#......# #...
#.......#......# #...
#.......#..##.#####...
#.......#####.........
#.......#...'..#......
#.......#...#..#......
######..#####....<.


There were no monsters in sight!

Vanquished Creatures
  A scorpion (D:4)
  3 bombardier beetles
  A jelly (D:4)
  Terence (D:2)
  6 adders
  3 river rats (Sewer)
  A dart slug (D:1)
  4 ribbon worms
  An orc (D:3)
  8 bats
  4 endoplasms
  8 giant cockroaches
  8 goblins
  4 hobgoblins
  3 jackals (Sewer)
  4 quokkas
  15 ball pythons
  2 frilled lizards
  A goblin skeleton (D:4)
  3 kobolds
  2 kobold zombies (D:4)
  12 rats
95 creatures vanquished.

Notes
Turn   | Place    | Note
-------+----------+-------------------------------------------
     0 | D:1      | ssalbiz the Minotaur Berserker began the quest for the Orb.
     0 | D:1      | Reached XP level 1. HP: 19/19 MP: 0/0
   132 | D:1      | Reached skill level 4 in Axes
   286 | D:1      | Reached XP level 2. HP: 26/26 MP: 1/1
   443 | D:1      | Reached ** piety under Trog
   762 | D:2      | Reached skill level 5 in Axes
   794 | D:2      | Noticed Terence
   805 | D:2      | Reached XP level 3. HP: 30/31 MP: 2/2
   806 | D:2      | Killed Terence
   949 | D:2      | Reached XP level 4. HP: 39/39 MP: 3/3
   950 | D:2      | Reached skill level 6 in Axes
  1259 | D:3      | Found Oroec's Assorted Antiques.
  1384 | D:3      | Found an iron altar of Okawaru.
  1475 | D:3      | Found a hazy altar of Hepliaklqana.
  1521 | D:3      | HP: 1/39 [burnt (3)]
  2127 | D:4      | Reached XP level 5. HP: 45/45 MP: 4/4
  2139 | D:4      | Found a glowing drain.
  2142 | D:4      | Reached skill level 7 in Axes
  2148 | Sewer    | Entered a sewer
  2180 | Sewer    | Reached *** piety under Trog
  2883 | D:4      | Reached skill level 8 in Axes
  2900 | D:4      | Reached XP level 6. HP: 46/51 MP: 5/5
  2935 | D:4      | Found a runed translucent door.
  2935 | D:4      | Noticed a human
  2939 | D:4      | Found a basalt altar of Yredelemnul.
  3415 | D:4      | Found a glowing silver altar of Zin.
  3488 | D:4      | Incinerated by a bombardier beetle

Illustrated notes

Levels and vault maps discovered:
D:1:      dpeg_arrival_ratfight, layout_loops_ring, minmay_small_reverse_x
D:2:      layout_rooms, uniq_terence
D:3:      layout_basic, nicolae_hepliaklqana_hazy_memory,
          general_overflow_altar, serial_shops,
          nicolae_shop_competitors_out_of_business
D:4:      layout_gridville, mainiacjoe_overflow_alcove_2, dk_yredelemnul_ordeal,
          portal_sewer_entry_e

Skill      XL: |  1  2  3  4  5 |
---------------+----------------+-----
Axes           | 4 5 6 8 |  8.9
Fighting       | |  3.6
Armour         | |  2.4
Dodging        | |  2.1

Action                     |  1- 3 |  4- 6 || total
---------------------------+-------+-------++-------
  Melee: Hand axe          |    62 |   126 ||   188
         Headbutt          |     6 |    22 ||    28
         Punch             |     1 |       ||     1
 Invoke: Berserk           |     1 |       ||     1
         Trog's Hand       |       |     2 ||     2
   Stab: Sleeping          |     1 |       ||     1
 Armour: Scale mail        |    39 |    89 ||   128
         Animal skin       |     2 |       ||     2
  Dodge: Dodged            |    39 |    68 ||   107
